 Dungeon Crawl Stone Soup version 0.27.1 (webtiles) character file.

Game seed: 15837506981040014340

4205 MajorAdolf the Skirmisher (level 10, -1/94 HPs)
             Began as a Naga Wanderer on Aug 27, 2021.
             Was an Initiate of Gozag.
             Slain by a gnoll (9 damage)
             ... on level 8 of the Dungeon.
             The game lasted 00:27:27 (13336 turns).

MajorAdolf the Skirmisher (Naga Wanderer)          Turns: 13336, Time: 00:27:28

Health: -1/94      AC: 15    Str: 13    XL:     10   Next: 29%
Magic:  4/11       EV:  6    Int: 21    God:    Gozag
Gold:   612        SH:  9    Dex:  9    Spells: 8/11 levels left

rFire    + . .     SeeInvis +   u - +2 whip (elec)
rCold    . . .     Faith    .   q - +0 kite shield
rNeg     + . .     Spirit   .   D - +3 leather armour {rF+}
rPois    +         Reflect  .   (no helmet)
rElec    +         Harm     .   (no cloak)
rCorr    .         Rampage  .   (no gloves)
Will     +....                  c - +4 barding of Space {rElec rN+ Int+2}
Stlth    ++........             (no amulet)
HPRegen  0.25/turn              (no ring)
MPRegen  0.12/turn              (no ring)

@: very slow
A: AC +3, large, see invisible, deformed body, poison resistance, slowness 2,
spit poison 1, naga tail 1
a: Spit Poison, Renounce Religion, Potion Petition, Call Merchant, Bribe Branch


You were on level 8 of the Dungeon.
You worshipped Gozag.
Gozag was pleased with you.
You visited 2 branches of the dungeon, and saw 9 of its levels.
You also visited: Bailey.

You collected 983 gold pieces.
You spent 252 gold pieces at shops.
You paid 119 gold pieces to Gozag.

Inventory:

Hand Weapons
 a - a +2 dagger
 g - a +0 dagger of venom
 u - a +2 whip of electrocution (weapon)
Armour
 c - the +4 barding of Space (worn) {rElec rN+ Int+2}
   (You acquired it on level 6 of the Dungeon)

   Int:       It affects your intelligence (+2).
   rElec:     It insulates you from electricity.
   rN:        It protects you from negative energy.
 e - a +0 robe
 k - a +1 hat
 q - a +0 kite shield (worn)
 D - a +3 leather armour of fire resistance (worn)
Jewellery
 f - a ring of willpower
 n - a ring of ice
Wands
 d - a wand of mindburst (19)
 A - a wand of paralysis (10)
 B - a wand of acid (4)
Scrolls
 m - 2 scrolls of amnesia
 o - 2 scrolls of magic mapping
 p - a scroll of identify
 w - 2 scrolls of silence
 C - a scroll of vulnerability {unknown}
Potions
 b - a potion of haste
 h - 6 potions of attraction
 i - a potion of heal wounds {unknown}
 j - 2 potions of cancellation
 r - a potion of lignification {unknown}
 s - a potion of brilliance {unknown}
 t - a potion of berserk rage {unknown}
 v - a potion of resistance {unknown}
 z - a potion of degeneration {unknown}


   Skills:
 + Level 7.3 Fighting
 - Level 2.0 Short Blades
 + Level 6.5 Maces & Flails
 - Level 1.0 Throwing
 - Level 1.0 Dodging
 - Level 5.0 Stealth
 + Level 5.4 Shields
 - Level 1.0 Unarmed Combat
 - Level 1.0 Spellcasting
 + Level 2.7 Conjurations
 - Level 1.0 Summonings
 - Level 1.0 Necromancy
 + Level 2.6 Air Magic
 + Level 3.7 Poison Magic
 + Level 5.9 Evocations


You had 8 spell levels left.
You knew the following spells:

 Your Spells              Type           Power      Damage    Failure   Level
a - Mephitic Cloud        Conj/Pois/Air  13%        N/A       36%         3

Your spell library contained the following spells:

 Spells                   Type           Power      Damage    Failure   Level
 Animate Skeleton         Necr           10%        N/A       30%         1
 Summon Small Mammal      Summ           20%        N/A       30%         1
 Apportation              Tloc           2%         N/A       41%         1
 Corona                   Hex            1%         N/A       41%         1
 Iskenderun's Mystic Bla  Conj/Tloc      6%         2d4       95%         4


Dungeon Overview and Level Annotations

Branches:
Dungeon (8/15)             Temple (1/1) D:6          Bailey (visited)
   Lair: D:8-11

Altars:
Ashenzari
Cheibriados
Dithmenos
Elyvilon
Fedhas
Gozag
Kikubaaqudgha
Makhleb
Nemelex Xobeh
Qazlal
Ru
Sif Muna
Trog
Uskayaw
Vehumet
Wu Jian
Xom
Yredelemnul
Zin
The Shining One

Shops:
D:1 =:*(   D:3 *   D:4 (


Innate Abilities, Weirdness & Mutations

Your serpentine skin is tough. (AC +3)
You have supernaturally acute eyesight. (SInv)
Armour fits poorly on your strangely shaped body.
Your system is resistant to poisons. (rPois)
You cover ground very slowly.
You can spit poison.
You have a snake-like lower body.


Message History

The acid corrodes the gnoll sergeant!
You kill the gnoll sergeant!
The bolt of acid hits the gnoll!
The gnoll is splashed with acid.
The acid corrodes the gnoll!
You kill the gnoll!
You feel sick.
Unknown command.
Unknown command.
You feel sick.
You feel sick.
You feel sick.
You feel sick.
You are no longer poisoned.
The gnoll is distracted by your dazzling golden aura.
The gnoll is no longer distracted by gold.
Your magical contamination has completely faded away.
Press: ? - help, Shift-Dir - straight line, f - gnoll
Aim: a gnoll, wielding a +0 flail The splash of poison hits the gnoll but does no damage.
The gnoll is poisoned.
The gnoll hits you with a +0 flail.
* * * LOW HITPOINT WARNING * * *
Unknown command.
There is a stone staircase leading down here.
You whack the gnoll!
The gnoll is almost dead.
You have got your breath back.
You block the gnoll's attack. x2
You hit the gnoll but do no damage.
The gnoll is almost dead.
The gnoll looks more healthy.
You block the gnoll's attack.
You closely miss the gnoll.
The gnoll is almost dead.
The gnoll hits you but does no damage. You block the gnoll's attack.
You closely miss the gnoll.
The gnoll is almost dead.
The gnoll hits you from afar with a +0 halberd!
* * * LOW HITPOINT WARNING * * *
The gnoll hits you with a +0 flail!
You die...
Your body crumbles into a pile of gold.

######.....##.##*,,$,,*,,,,.,*##.
#.....##*,# *,***,,,***#.##..
#.##.## *,* *,**,***,**#.#...
#.##.# *,* *,**,* *,,,,.....
#####.##.# *,* *,,,,***,,,,,#...
.......#.# *,####***,,,******#..
.......#.# *,,..# **,**#######.
.......### ***#.# *,,,........
..(....# #@# ****#######g
...._).# #g# #. (...♣..#
#######g##### ########. .......#
#...........# #.g.g.gg.
#.########.#####.....# #.#######
#.# #....#####.###.# #g#
#.#####..........# #.## #.#
#....<....)###.#.###..###.#
########....)).##......$$.#


You could see 2 gnolls.

Vanquished Creatures
  A two-headed ogre (D:4)
  An orc knight (Bailey)
  A wyvern (D:5)
  A sky beast (D:7)
  5 orc warriors
  An ogre (D:4)
  2 necrophages
  3 centaurs
  2 phantoms
  A kobold brigand (D:4)
  2 bullfrogs
  A wyvern zombie (D:7)
  2 gnoll sergeants
  3 scorpions
  A wyvern skeleton (D:7)
  3 water moccasin skeletons
  A killer bee (D:4)
  A howler monkey (D:5)
  2 centaur zombies
  2 orc priests
  3 hounds
  2 jellies
  2 gnoll shamans
  Ijyb (D:3)
  4 iguanas
  4 orc wizards
  18 gnolls
  10 adders
  2 adder skeletons (D:4)
  2 worms
  3 dart slugs
  17 orcs
  8 endoplasms
  4 giant cockroaches
  19 goblins
  11 hobgoblins
  3 jackals
  18 kobolds
  5 quokkas
  13 ball pythons
  2 bats (D:1)
  2 frilled lizards
  A quokka skeleton (D:4)
  7 rats
197 creatures vanquished.

Vanquished Creatures (others)
  6 plants
6 creatures vanquished.

Grand Total: 203 creatures vanquished

Notes
Turn   | Place    | Note
-------+----------+-------------------------------------------
     0 | D:1      | MajorAdolf the Naga Wanderer began the quest for the Orb.
     0 | D:1      | MajorAdolf set off with the following items: a +2 dagger, a
                  | potion of haste, a potion of curing, a scroll of
                  | teleportation, a +0 robe
     0 | D:1      | Reached XP level 1. HP: 19/19 MP: 2/2
   230 | D:1      | Reached XP level 2. HP: 26/26 MP: 3/3
   338 | D:1      | Reached skill level 1 in Short Blades
   340 | D:1      | Found Kech's Weapon Boutique.
   433 | D:1      | Found a faded altar of an unknown god.
   575 | D:1      | Found Qatacior's Antique Weapon Shop.
   594 | D:1      | Reached XP level 3. HP: 30/33 MP: 4/4
   784 | D:1      | Found Cadi Ryo's General Store.
   899 | D:1      | Found Sextecw's Book Shoppe.
   907 | D:1      | Found Joxkoffeets's Jewellery Shoppe.
  1428 | D:2      | Reached XP level 4. HP: 36/40 MP: 5/5
  1812 | D:2      | Reached skill level 3 in Fighting
  2419 | D:3      | Found Qigumuil's Assorted Antiques.
  3034 | D:3      | Found a snail-covered altar of Cheibriados.
  3217 | D:3      | Reached skill level 5 in Stealth
  3354 | D:3      | Noticed Ijyb
  3411 | D:4      | Reached XP level 5. HP: 49/49 MP: 6/6
  3554 | D:4      | Reached skill level 1 in Maces & Flails
  3728 | D:4      | Noticed an ogre
  3760 | D:4      | Reached skill level 1 in Shields
  4429 | D:4      | Noticed a kobold brigand
  4438 | D:4      | Killed a kobold brigand
  4439 | D:4      | Reached XP level 6. HP: 31/57 MP: 7/7
  5018 | D:4      | Reached skill level 4 in Fighting
  5302 | D:4      | You fall into a shaft and drop 3 floors!
  5337 | D:7      | Noticed a sky beast
  5423 | D:6      | Reached skill level 1 in Evocations
  5423 | D:6      | Reached XP level 7. HP: 42/64 MP: 8/8
  5715 | D:6      | Found a radiant altar of Vehumet.
  6511 | D:6      | Found a staircase to the Ecumenical Temple.
  6545 | Temple   | Entered the Ecumenical Temple
  6806 | D:6      | Identified a scroll of acquirement
  6806 | D:6      | Acquired the +4 barding of Space {rElec rN+ Int+2}
  7173 | Temple   | Became a worshipper of Gozag Ym Sagoz the Greedy
  7402 | D:5      | Entered Level 5 of the Dungeon
  8294 | D:4      | Found Dohex's Antique Weapon Boutique.
  8414 | D:4      | Noticed a two-headed ogre
  8433 | D:4      | Killed a two-headed ogre
  8434 | D:4      | Reached skill level 5 in Fighting
  8434 | D:4      | Reached XP level 8. HP: 76/76 MP: 9/9
  8696 | D:3      | Killed Ijyb
  8697 | D:3      | Reached skill level 5 in Maces & Flails
  8802 | D:3      | Reached skill level 6 in Fighting
  8804 | D:3      | Reached XP level 9. HP: 69/82 MP: 10/10
  8882 | D:3      | Found a shimmering altar of Xom.
  8884 | D:3      | Found an ancient bone altar of Kikubaaqudgha.
  8886 | D:3      | Found a sacrificial altar of Ru.
  8886 | D:3      | Found a shadowy altar of Dithmenos.
 10010 | D:5      | Reached skill level 5 in Evocations
 10279 | D:5      | Found a glowing silver altar of Zin.
 10280 | D:5      | Found a white marble altar of Elyvilon.
 10280 | D:5      | Found a glowing golden altar of the Shining One.
 10639 | D:1      | Bought the Tome of Battle Magic for 252 gold pieces
 10643 | D:1      | Learned a level 3 spell: Mephitic Cloud
 11055 | D:7      | Reached skill level 1 in Poison Magic
 11143 | D:7      | Reached skill level 1 in Conjurations
 11143 | D:7      | Reached skill level 1 in Air Magic
 11731 | D:7      | Reached skill level 5 in Shields
 11978 | D:7      | Reached skill level 7 in Fighting
 12386 | D:7      | Reached XP level 10. HP: 94/94 MP: 4/11
 12555 | D:8      | Found a flagged portal.
 12567 | D:8      | Identified the +4 hand axe "Tiaqodghi" {freeze, *Corrode
                  | Int+8}
 12570 | Bailey   | Entered a bailey
 12803 | Bailey   | Noticed an orc knight
 12820 | Bailey   | Killed an orc knight
 13106 | Bailey   | Found a bloodstained altar of Trog.
 13198 | D:8      | Found an ornate altar of the Wu Jian Council.
 13336 | D:8      | Slain by a gnoll

Illustrated notes

Levels and vault maps discovered:
D:1:      dpeg_arrival_arbitrary_b, layout_rooms,
          hellmonk_ecumenical_altar_run_dry, serial_shops,
          nicolae_shop_overgrown_old_shop, shop, nicolae_shop_crystal,
          nicolae_shop_crystal, shop
D:2:      layout_basic, minmay_goblin_kobold_house
D:3:      layout_basic, mainiacjoe_overflow_brackets,
          mainiacjoe_overflow_alcove_3, serial_shops, shop_coins, uniq_ijyb
D:4:      layout_cave_pods, serial_park, serial_park_square1
          [serial_park_minivault_5x5_3], serial_park_square3
          [serial_park_minivault_5x5_1], serial_park_paths
          [serial_park_minivault_5x5_2], serial_park_square3
          [serial_park_minivault_5x5_5], serial_shops, shop,
          kennysheep_small_square
D:5:      layout_cave_pools, good_gods_temple_1
D:6:      layout_basic, vehumet_crystals, temple_pool_b
D:7:      layout_gridville
D:8:      layout_loops_ring, nzn_wu_jian_contemplation, enter_bailey_2,
          minmay_lizard_king
Temple:   dpeg_chambers_temple

Skill      XL: |  1  2  3  4  5  6  7  8  9 10 |
---------------+-------------------------------+-----
Short Blades   | 1 2 |  2.0
Stealth        | 4 5 |  5.0
Fighting       | 3 4 5 6 7 |  7.3
Maces & Flails | 2 4 5 6 |  6.5
Shields        | 1 2 4 5 |  5.4
Evocations     | 1 3 4 5 |  5.9
Poison Magic   | 2 3 |  3.7
Conjurations   | 1 2 |  2.7
Air Magic      | 2 |  2.6
Throwing       | |  1.0
Dodging        | |  1.0
Unarmed Combat | |  1.0
Spellcasting   | |  1.0
Summonings     | |  1.0
Necromancy     | |  1.0

Action                   |  1- 3 |  4- 6 |  7- 9 | 10-12 || total
-------------------------+-------+-------+-------+-------++-------
Melee: Dagger            |    65 |    41 |       |       ||   106
       Punch             |     1 |       |       |       ||     1
       Whip              |       |   173 |   369 |    60 ||   602
 Cast: Mephitic Cloud    |       |       |     6 |     4 ||    10
 Abil: Spit Poison       |    27 |    12 |    10 |    17 ||    66
Evoke: Wand              |       |       |     2 |     1 ||     3
  Use: Potion            |       |     2 |     2 |     1 ||     5
       Scroll            |       |       |    14 |     4 ||    18
 Stab: Sleeping          |       |     8 |     2 |       ||    10
       Paralysed         |       |       |    12 |       ||    12
       Confused          |       |       |     3 |     2 ||     5
Armor: Robe              |    12 |    49 |   173 |    29 ||   263
       Leather armour    |       |       |       |    15 ||    15
Dodge: Dodged            |    35 |    67 |    90 |    25 ||   217
Block: Kite shield       |       |    77 |   160 |    48 ||   285
